[Event "2nd Namma Bengaluru Open-B 2025"]
[Site "Bengaluru"]
[Date "2025.04.11"]
[Round "4.1"]
[White "Nayak, Biswajit"]
[Black "Mysha Perwez"]
[Result "1-0"]
[Annotator "NA"]
[ECO "D02"]
[WhiteElo "1979"]
[BlackElo "1766"]
[PlyCount "135"]
[EventDate "2025.04.10"]
[EventType "swiss"]
[EventCountry "IND"]
[SourceTitle "playchess.com"]
[Source "ChessBase"]
[SourceQuality "1"]
[TimeControl "3600+30"]

1. d4 Nf6 2. Nf3 e6 3. Bf4 d5 4. e3 c5 5. Nbd2 Nc6 6. c3 Bd6 7. Bg3 O-O 8. Bd3 b6 9. O-O Bb7 10. Qe2 Ne7 11. Rad1 Nf5 12. Bxd6 Nxd6 13. Ne5 Qe7 14. f4 Nfe4 15. Nxe4 dxe4 16. Ba6 Bxa6 17. Qxa6 Qb7 18. Qxb7 Nxb7 19. dxc5 Nxc5 20. Rd4 Rac8 21. Rfd1 Rfe8 22. Nc4 Nb7 23. Rxe4 Red8 24. Red4 Rxd4 25. Rxd4 Rc7 26. Nd6 Nxd6 27. Rxd6 Kf8 28. Rd8+ Ke7 29. Ra8 Rd7 30. Kf1 Kd6 31. Ke2 Kc6 32. g4 f6 33. Re8 Kd5 34. b3 e5 35. fxe5 fxe5 36. Kd3 Rf7 37. c4+ Kd6 38. Ra8 a5 39. Rd8+ Kc6 40. h4 Rf2 41. Rg8 g6 42. Rg7 Rxa2 43. Rxh7 Rb2 44. Kc3 Re2 45. Rg7 Rxe3+ 46. Kc2 Rh3 47. Rxg6+ Kc5 48. h5 e4 49. h6 Rh2+ 50. Kc3 Rh3+ 51. Kd2 Kd4 52. Rd6+ Ke5 53. Rd5+ Kf4 54. Rh5 Rd3+ 55. Ke2 Rd8 56. h7 Rh8 57. g5 Kf5 58. Ke3 Kg6 59. Rh1 Kxg5 60. Kxe4 Kg6 61. Kd5 Kg7 62. Kc6 Rc8+ 63. Kb7 Rh8 64. Kxb6 Rb8+ 65. Ka7 Rh8 66. c5 Kf6 67. c6 Ke6 68. Kb7 1-0

[Event "2nd Namma Bengaluru Open-B 2025"]
[Site "Bengaluru"]
[Date "2025.04.11"]
[Round "4.2"]
[White "Elesh Tripathi"]
[Black "Prashanth J Naik"]
[Result "1-0"]
[Annotator "NA"]
[ECO "D11"]
[WhiteElo "1758"]
[BlackElo "1979"]
[PlyCount "119"]
[EventDate "2025.04.10"]
[EventType "swiss"]
[EventCountry "IND"]
[SourceTitle "playchess.com"]
[Source "ChessBase"]
[SourceQuality "1"]
[TimeControl "3600+30"]

1. d4 d5 2. g3 Nf6 3. Bg2 Bf5 4. Nf3 h6 5. O-O e6 6. c4 c6 7. Nc3 Be7 8. Nd2 O-O 9. e4 dxe4 10. Ndxe4 Nxe4 11. Nxe4 Nd7 12. h3 Nf6 13. Nc3 Qb6 14. Na4 Qa6 15. Qb3 Rfd8 16. Rd1 Rd7 17. Be3 Rad8 18. Nc3 Ne8 19. d5 exd5 20. cxd5 c5 21. Nb5 Qg6 22. Rac1 b6 23. Qa4 Nd6 24. g4 Be4 25. Nxa7 h5 26. f3 hxg4 27. hxg4 Bd3 28. Nc6 Re8 29. Ne5 Bb5 30. Qa3 Qf6 31. Nxd7 Bxd7 32. Qa7 Qe5 33. Bf2 Bc8 34. Qxb6 Nb7 35. Re1 Qxd5 36. Rcd1 Qg5 37. Qc6 Rf8 38. Rd5 Na5 39. Qxc5 Bxc5 40. Rxg5 Bxf2+ 41. Kxf2 Nc4 42. b3 f6 43. Rc5 Ne5 44. Bf1 Rd8 45. Bc4+ Kf8 46. Be2 Be6 47. Rc2 g5 48. Rd1 Rb8 49. Rc7 Ng6 50. Rd6 Nf4 51. Bc4 Re8 52. Bxe6 Nxe6 53. Rcc6 Nf4 54. Rxf6+ Kg7 55. Rf5 Re2+ 56. Kf1 Rxa2 57. Rxg5+ Kh7 58. Rf5 Ng2 59. Rf7+ Kg8 60. Re7 1-0

[Event "2nd Namma Bengaluru Open-B 2025"]
[Site "Bengaluru"]
[Date "2025.04.11"]
[Round "4.3"]
[White "Saptarshi Talukdar"]
[Black "Anurag, Jaiswal"]
[Result "1/2-1/2"]
[Annotator "NA"]
[ECO "B01"]
[WhiteElo "1755"]
[BlackElo "1923"]
[PlyCount "55"]
[EventDate "2025.04.10"]
[EventType "swiss"]
[EventCountry "IND"]
[SourceTitle "playchess.com"]
[Source "ChessBase"]
[SourceQuality "1"]
[TimeControl "3600+30"]

1. e4 d5 2. exd5 Qxd5 3. Nc3 Qa5 4. d4 Nf6 5. Nf3 c6 6. Bc4 Bf5 7. Bd2 e6 8. Nd5 Qd8 9. Nxf6+ gxf6 10. Be3 Bd6 11. Qd2 Qc7 12. Bd3 Bxd3 13. Qxd3 Nd7 14. O-O-O O-O-O 15. Kb1 Kb8 16. g3 Nb6 17. c4 c5 18. b3 Nd7 19. d5 Ne5 20. Nxe5 Bxe5 21. f4 Bd6 22. Qc2 f5 23. Bc1 Rhe8 24. Bb2 Kc8 25. Rhe1 Bf8 26. Be5 Qb6 27. Bf6 Rd7 28. h3 1/2-1/2

[Event "2nd Namma Bengaluru Open-B 2025"]
[Site "Bengaluru"]
[Date "2025.04.11"]
[Round "4.4"]
[White "Afreed T Khan"]
[Black "Sharma Sai"]
[Result "1-0"]
[Annotator "NA"]
[ECO "E46"]
[WhiteElo "1921"]
[BlackElo "1757"]
[PlyCount "117"]
[EventDate "2025.04.10"]
[EventType "swiss"]
[EventCountry "IND"]
[SourceTitle "playchess.com"]
[Source "ChessBase"]
[SourceQuality "1"]
[TimeControl "3600+30"]

1. d4 Nf6 2. c4 e6 3. Nc3 Bb4 4. e3 O-O 5. Bd3 d5 6. Bd2 c5 7. a3 cxd4 8. axb4 dxc3 9. Bxc3 dxc4 10. Bxc4 Nd5 11. Bxd5 exd5 12. Nf3 f6 13. Ra5 Be6 14. Nd4 Bf7 15. Qg4 Qd7 16. Qxd7 Nxd7 17. O-O a6 18. Rfa1 Rac8 19. Nf5 Rb8 20. b5 axb5 21. Rxb5 Ra8 22. Rxa8 Rxa8 23. h3 b6 24. Ne7+ Kf8 25. Nxd5 Bxd5 26. Rxd5 Ra7 27. g4 Kf7 28. g5 Ke6 29. Rb5 Ra8 30. Kg2 Rc8 31. Bd4 Ra8 32. gxf6 gxf6 33. Rh5 Rh8 34. Kf3 Kf7 35. Kf4 Ke6 36. Ke4 h6 37. Kd3 Kf7 38. Kc4 Kg6 39. Rd5 Rc8+ 40. Kb4 Rc7 41. Kb5 Kf7 42. f4 Ra7 43. Kc6 Ke6 44. Rh5 Ra1 45. f5+ Ke7 46. Rxh6 Rc1+ 47. Kd5 Ne5 48. Bxb6 Rf1 49. Rh7+ Nf7 50. Bc5+ Ke8 51. b4 Rxf5+ 52. Kc6 Rf1 53. Rxf7 Kxf7 54. b5 Rh1 55. b6 Rxh3 56. b7 Rh8 57. Bd6 Ke6 58. b8=Q Rxb8 59. Bxb8 1-0

[Event "2nd Namma Bengaluru Open-B 2025"]
[Site "Bengaluru"]
[Date "2025.04.11"]
[Round "4.5"]
[White "Arush A"]
[Black "Raveesh Kote"]
[Result "1/2-1/2"]
[Annotator "NA"]
[ECO "B92"]
[WhiteElo "1876"]
[BlackElo "1755"]
[PlyCount "129"]
[EventDate "2025.04.10"]
[EventType "swiss"]
[EventCountry "IND"]
[SourceTitle "playchess.com"]
[Source "ChessBase"]
[SourceQuality "1"]
[TimeControl "3600+30"]

1. e4 c5 2. Nf3 d6 3. d4 cxd4 4. Nxd4 Nf6 5. Nc3 a6 6. Be2 e5 7. Nb3 Be7 8. O-O O-O 9. Qd3 Qc7 10. Bg5 Nbd7 11. Rfd1 h6 12. Bh4 b5 13. a3 Bb7 14. f3 Rac8 15. Bf2 Rfd8 16. Qd2 Nf8 17. Qe1 Ne6 18. Rac1 d5 19. Nxd5 Nxd5 20. exd5 Bxd5 21. Nd2 Bb7 22. Bf1 Bg5 23. c4 bxc4 24. Bxc4 Qe7 25. Be3 Bxe3+ 26. Qxe3 Nf4 27. Kh1 Nh5 28. b3 Qh4 29. Re1 Re8 30. Qb6 Qe7 31. a4 Qc7 32. Qf2 Qe7 33. Nf1 Nf4 34. Ng3 Bd5 35. Bxa6 Rxc1 36. Rxc1 Bxb3 37. Bb5 Rd8 38. Qe3 Qa3 39. Rg1 Qb2 40. a5 Be6 41. Bf1 Rd1 42. a6 Ra1 43. a7 f6 44. Ne2 Qa3 45. Qe4 Nxe2 46. Bxe2 Qxa7 47. Bf1 Qd4 48. Qc6 Bf5 49. Qb5 Kh7 50. Qe2 Rd1 51. Qb5 Qf2 52. Qe2 Qxe2 53. Bxe2 Rxg1+ 54. Kxg1 Kg8 55. Kf2 Kf7 56. Ke3 Ke6 57. f4 exf4+ 58. Kxf4 g5+ 59. Ke3 Ke5 60. g3 Bg6 61. Bc4 f5 62. Be2 f4+ 63. Kf2 h5 64. Bc4 g4 65. Bb5 1/2-1/2

[Event "2nd Namma Bengaluru Open-B 2025"]
[Site "Bengaluru"]
[Date "2025.04.11"]
[Round "4.6"]
[White "Malla, Nooka Raju"]
[Black "Bhosale Saarth"]
[Result "1-0"]
[Annotator "NA"]
[ECO "D53"]
[WhiteElo "1860"]
[BlackElo "1754"]
[PlyCount "71"]
[EventDate "2025.04.10"]
[EventType "swiss"]
[EventCountry "IND"]
[SourceTitle "playchess.com"]
[Source "ChessBase"]
[SourceQuality "1"]
[TimeControl "3600+30"]

1. d4 d5 2. c4 e6 3. Nc3 Nf6 4. Nf3 Nbd7 5. Bg5 Be7 6. e3 a6 7. cxd5 exd5 8. Bd3 O-O 9. O-O b6 10. Ne5 Bb7 11. Qf3 Nxe5 12. dxe5 Nd7 13. Qh3 g6 14. Bh6 Nxe5 15. Bxf8 Nxd3 16. Bxe7 Qxe7 17. Rab1 Rd8 18. Rfd1 Ne5 19. Qg3 c5 20. Ne2 Bc8 21. b3 Bf5 22. Rb2 Nc6 23. Rbd2 Be6 24. Nf4 d4 25. Ne2 Bf5 26. Qf4 d3 27. Ng3 Be6 28. Rxd3 Rxd3 29. Rxd3 Nb4 30. Rd2 b5 31. Ne4 c4 32. Qe5 Nd3 33. Nf6+ Kh8 34. Rxd3 cxd3 35. Nd5+ f6 36. Qb8+ 1-0

[Event "2nd Namma Bengaluru Open-B 2025"]
[Site "Bengaluru"]
[Date "2025.04.11"]
[Round "4.7"]
[White "Rishen Jilowa"]
[Black "Samaksh Ashok"]
[Result "0-1"]
[Annotator "NA"]
[ECO "A10"]
[WhiteElo "1751"]
[BlackElo "1858"]
[PlyCount "76"]
[EventDate "2025.04.10"]
[EventType "swiss"]
[EventCountry "IND"]
[SourceTitle "playchess.com"]
[Source "ChessBase"]
[SourceQuality "1"]
[TimeControl "3600+30"]

1. c4 f5 2. g3 Nf6 3. Bg2 e6 4. b3 d5 5. cxd5 exd5 6. Bb2 c6 7. Nf3 Bd6 8. O-O O-O 9. d3 Nbd7 10. Nbd2 Re8 11. Re1 Qc7 12. Qc2 Nc5 13. Bxf6 gxf6 14. e4 Be6 15. Nd4 fxe4 16. dxe4 Bf7 17. exd5 cxd5 18. Nf5 Bf8 19. Rac1 Qb6 20. Nf3 Rac8 21. N3d4 Qb4 22. Rxe8 Rxe8 23. Qd1 Qa5 24. Qg4+ Kh8 25. Nf3 Re4 26. Qh3 Qxa2 27. N3d4 Qd2 28. Rf1 Rxd4 29. Nxd4 Qxd4 30. Qc8 Kg7 31. Qc7 Nxb3 32. Qxb7 Nd2 33. Rd1 Bc5 34. Bxd5 Qxd5 35. Qxd5 Bxd5 36. Rxd2 Be4 37. Re2 Bf5 38. Ra2 Bb6 0-1

[Event "2nd Namma Bengaluru Open-B 2025"]
[Site "Bengaluru"]
[Date "2025.04.11"]
[Round "4.8"]
[White "Narahari Geethika Hasini"]
[Black "Karthick Sai P"]
[Result "1-0"]
[Annotator "NA"]
[ECO "E70"]
[WhiteElo "1856"]
[BlackElo "1754"]
[PlyCount "103"]
[EventDate "2025.04.10"]
[EventType "swiss"]
[EventCountry "IND"]
[SourceTitle "playchess.com"]
[Source "ChessBase"]
[SourceQuality "1"]
[TimeControl "3600+30"]

1. d4 Nf6 2. c4 g6 3. Nc3 Bg7 4. e4 O-O 5. e5 Ne8 6. f4 d6 7. Nf3 dxe5 8. fxe5 Nc6 9. Be2 f6 10. e6 f5 11. d5 Ne5 12. Bf4 Nxf3+ 13. Bxf3 Nf6 14. O-O c6 15. Qe2 cxd5 16. cxd5 Ne8 17. Rac1 a6 18. Rfd1 Nd6 19. Na4 b6 20. Rc6 Re8 21. Nxb6 Rb8 22. Bxd6 exd6 23. Nxc8 Rxc8 24. Qxa6 Ra8 25. Rxd6 Rxa6 26. Rxd8 Rxd8 27. e7 Re8 28. d6 Rxd6 29. Rxd6 Rxe7 30. Bd5+ Kf8 31. Rd8+ Re8 32. Rxe8+ Kxe8 33. b4 h6 34. a4 Bc3 35. b5 Ba5 36. Kf2 Ke7 37. Kf3 Kd6 38. Bf7 g5 39. g4 f4 40. Ke4 Kc5 41. Bb3 Kb4 42. Bd1 Kc5 43. Kf5 Kd6 44. Kg6 Ke6 45. Kxh6 Kf6 46. h4 gxh4 47. g5+ Kf5 48. g6 Bc3 49. Bf3 h3 50. b6 h2 51. b7 Be5 52. g7 1-0

[Event "2nd Namma Bengaluru Open-B 2025"]
[Site "Bengaluru"]
[Date "2025.04.11"]
[Round "4.9"]
[White "Aditya Dileepraj"]
[Black "Aaditya Ranjan Sahu"]
[Result "1-0"]
[Annotator "NA"]
[ECO "D91"]
[WhiteElo "1746"]
[BlackElo "1850"]
[PlyCount "101"]
[EventDate "2025.04.10"]
[EventType "swiss"]
[EventCountry "IND"]
[SourceTitle "playchess.com"]
[Source "ChessBase"]
[SourceQuality "1"]
[TimeControl "3600+30"]

1. d4 Nf6 2. c4 g6 3. Nc3 d5 4. Nf3 Bg7 5. Bg5 c6 6. e3 O-O 7. Qb3 dxc4 8. Bxc4 b5 9. Be2 Be6 10. Qc2 h6 11. Bxf6 exf6 12. O-O Nd7 13. Rfd1 Nb6 14. e4 Rc8 15. h3 f5 16. e5 Nd5 17. Nxd5 Bxd5 18. a4 bxa4 19. Rxa4 Rb8 20. Nd2 f6 21. Nc4 fxe5 22. Nxe5 Bxe5 23. dxe5 Qg5 24. g4 Rfe8 25. f4 Qh4 26. Ra3 Rb4 27. Rxd5 cxd5 28. Qc6 Re7 29. Qxg6+ Kh8 30. Rc3 Rb8 31. Kg2 d4 32. Rc6 d3 33. Bxd3 Rd7 34. Qxh6+ Qxh6 35. Rxh6+ Kg7 36. Rh7+ Kxh7 37. Bxf5+ Kg7 38. Bxd7 Rxb2+ 39. Kg3 Rd2 40. e6 Kf6 41. g5+ Ke7 42. f5 Rd3+ 43. Kg4 a5 44. f6+ Kd8 45. Bb5 Rd4+ 46. Kh5 a4 47. e7+ Kc7 48. e8=Q a3 49. Qc6+ Kb8 50. Qb6+ Ka8 51. Bc6# 1-0

[Event "2nd Namma Bengaluru Open-B 2025"]
[Site "Bengaluru"]
[Date "2025.04.11"]
[Round "4.10"]
[White "Stanley Blessing J V"]
[Black "Suryapranjal Indrajeet S P"]
[Result "1/2-1/2"]
[Annotator "NA"]
[ECO "E60"]
[WhiteElo "1847"]
[BlackElo "1752"]
[PlyCount "98"]
[EventDate "2025.04.10"]
[EventType "swiss"]
[EventCountry "IND"]
[SourceTitle "playchess.com"]
[Source "ChessBase"]
[SourceQuality "1"]
[TimeControl "3600+30"]

1. d4 Nf6 2. c4 g6 3. Nf3 Bg7 4. g3 c5 5. d5 b5 6. cxb5 Qa5+ 7. Bd2 Qxb5 8. Nc3 Qb6 9. e4 Bb7 10. a4 a5 11. Bb5 O-O 12. O-O Na6 13. Bf4 Nb4 14. Re1 d6 15. Nd2 Nh5 16. Be3 Qc7 17. Be2 Nf6 18. Nc4 Nd7 19. Nb5 Qd8 20. Bd2 Nb6 21. Bc3 Nxc4 22. Bxc4 Qd7 23. Qd2 Rad8 24. Rad1 Ba6 25. Na3 Bxc4 26. Nxc4 Qxa4 27. Ra1 Qb5 28. Bxg7 Kxg7 29. Qc3+ Kg8 30. Rxa5 Qb7 31. Rea1 Ra8 32. Qb3 Rxa5 33. Rxa5 Rb8 34. Na3 Qc7 35. Qa4 Kg7 36. b3 Nd3 37. Rb5 Rb7 38. Nc2 Qb8 39. Qa1+ f6 40. Rxb7 Qxb7 41. Qa4 Kf7 42. f4 Nc1 43. b4 cxb4 44. Qxb4 Qxb4 45. Nxb4 e6 46. Kf2 f5 47. Ke3 Nb3 48. Nc6 Nc5 49. e5 exd5 1/2-1/2